Map: Dusk Towers

Players

Tums

  • Race: Terran Terran
  • League: Diamond

Victor - Winner!

  • Race: Terran Terran
  • League: Diamond

VOD

Have the link to the VOD?

Description

Time

  • Played on: March 29, 2016, 12:02 a.m.
  • Length: 10:49
Show
View Real Time Build Order
Export as new Build Order

Tums Terran 

Build Orders: 1/1/1, MMM Bio, Banshee Rush 

Get SALT Encoding   

  12  0:02  SCV  
  13  0:14  SCV  
  14  0:18  Supply Depot  
  14  0:26  SCV  
  15  0:29  Refinery  
  15  0:39  SCV  
  16  0:45  Barracks  
  16  0:53  SCV  
  17  0:57  Refinery  
  17  1:05  SCV  
  18  1:17  SCV  
  19  1:32  Orbital Command  
  19  1:33  Reaper  
  19  1:38  Factory  
  20  1:43  Supply Depot  
  20  1:57  SCV  
  21  2:06  Reaper  
  22  2:14  SCV  
  23  2:22  Hellion  
  25  2:23  Starport  
  25  2:26  SCV  
  26  2:51  Hellion  
  28  2:52  SCV  
  28  2:57  Barracks Tech Lab  
  29  3:01  Supply Depot  
  28  3:23  SCV  
  28  3:25  Banshee  
  28  3:26  Cloaking Field  
  32  3:28  Widow Mine, Command Center  
  34  3:36  Barracks Reactor  
  34  3:37  SCV  
  35  3:49  SCV  
  36  3:59  Factory Tech Lab  
  36  4:01  SCV  
  37  4:17  Command Center  
  37  4:25  SCV, Supply Depot  
  38  4:35  Marine  
  39  4:39  SCV, Banshee, Siege Tank, Marine  
  47  5:05  SCV, Orbital Command  
  49  5:14  Siege Tank  
  49  5:17  SCV  
  44  5:33  Barracks  
  44  5:35  Barracks  
  44  5:36  Engineering Bay  
  44  5:37  Engineering Bay  
  44  5:38  Medivac x2  
  44  5:39  Marine  
  49  5:55  SCV x2  
  49  5:56  Orbital Command  
  51  5:59  Stimpack  
  51  6:06  Refinery  
  51  6:10  SCV x2  
  53  6:13  Marine  
  53  6:16  Siege Tank  
  57  6:21  SCV  
  58  6:31  SCV  
  58  6:32  SCV  
  57  6:41  Marine  
  57  6:42  Barracks Reactor  
  53  6:47  SCV x2  
  55  6:57  SCV  
  55  6:59  SCV  
  57  7:05  SCV, Marine x2  
  56  7:09  SCV  
  45  7:23  Marine x2  
  45  7:27  Viking x2  
  46  8:00  SCV  
  45  8:11  SCV x2  
  42  8:16  SCV  
  41  8:23  SCV  
  36  8:35  Marine x2  
  36  8:36  Combat Shields  
  36  8:38  Viking  
  41  8:42  SCV x2  
  41  8:45  Marine  
  41  8:47  Barracks Reactor  
  43  8:49  Viking  
  43  8:52  SCV  
  43  8:53  Marine x2  
  48  8:57  Siege Tank  
  51  9:04  Marine  
  52  9:10  Marine  
  53  9:19  Viking  
  55  9:29  Siege Tank, Marine x3  
  55  9:30  Marine x2  
  62  9:31  SCV  
  62  9:47  Marine x2  
  62  9:49  SCV x2  
  62  9:51  SCV  
  62  9:52  Refinery  
  67  9:55  Marine x2  
  69  10:01  SCV  
  69  10:03  Marine  
  69  10:05  Orbital Command, Marine  
  72  10:08  SCV  
  72  10:10  Barracks  
  72  10:12  Barracks  
Show
View Real Time Build Order
Export as new Build Order

Victor Terran - Winner!

Build Orders: Reaper Expand, MMM Bio 

Get SALT Encoding   

  12  0:01  SCV  
  13  0:13  SCV  
  14  0:18  Supply Depot  
  14  0:25  SCV  
  15  0:41  SCV, Barracks  
  16  0:48  Refinery  
  16  0:53  SCV  
  17  1:05  SCV  
  18  1:17  SCV  
  19  1:30  Orbital Command  
  19  1:32  Reaper  
  20  1:40  Command Center  
  20  1:58  SCV  
  21  2:01  Barracks  
  21  2:05  Barracks Reactor  
  21  2:10  SCV  
  22  2:16  Supply Depot  
  22  2:22  SCV  
  23  2:27  Factory  
  23  2:30  Refinery  
  23  2:37  SCV  
  24  2:50  SCV, Marine x2  
  27  2:54  Bunker  
  27  2:55  Barracks Tech Lab  
  26  3:02  SCV  
  26  3:08  Marine x2  
  28  3:15  Stimpack, Marine  
  29  3:24  SCV  
  29  3:26  Marine  
  31  3:27  Starport  
  31  3:31  Orbital Command  
  31  3:36  Marine x2  
  31  3:37  SCV  
  33  3:52  Factory Reactor  
  33  3:54  SCV  
  34  3:57  SCV  
  34  3:58  Marine x3  
  38  4:06  SCV  
  38  4:08  Supply Depot  
  39  4:11  Supply Depot  
  39  4:14  Medivac  
  39  4:16  SCV  
  42  4:19  SCV, Engineering Bay  
  42  4:21  Marine x2  
  45  4:31  SCV, Marine  
  47  4:33  Widow Mine x2  
  47  4:37  SCV  
  52  4:39  Marine  
  52  4:43  SCV  
  54  4:49  Missile Turret  
  54  4:52  Missile Turret  
  53  4:58  Marine x3  
  52  5:12  SCV  
  52  5:13  SCV  
  54  5:14  Missile Turret  
  54  5:20  Marine x3  
  55  5:27  Combat Shields, Command Center  
  55  5:29  Liberator  
  55  5:31  SCV x2  
  57  5:36  Liberator  
  57  5:38  Terran Infantry Weapons Level 1, Supply Depot  
  57  5:39  Supply Depot  
  61  5:59  SCV  
  61  6:00  SCV  
  63  6:12  Marine  
  63  6:13  Marine x2  
  63  6:14  Factory Tech Lab  
  66  6:19  Barracks  
  66  6:20  SCV x2  
  66  6:21  Barracks  
  66  6:22  Barracks  
  68  6:32  SCV x2  
  70  6:34  Liberator  
  66  6:42  Orbital Command  
  66  6:43  Marine x3  
  66  6:44  Siege Tank  
  71  7:01  SCV x2, Marine x2  
  73  7:20  Liberator  
  73  7:22  Marine x3  
  74  7:27  SCV x3  
  75  7:36  Siege Tank  
  75  7:39  SCV, Marine  
  75  7:43  Barracks Reactor x2  
  79  7:45  Barracks Tech Lab  
  79  7:50  SCV  
  79  7:51  SCV x2, Barracks  
  79  7:52  Barracks  
  79  7:53  Missile Turret, Barracks  
  79  8:09  Marine x2  
  79  8:10  Marine x2  
  79  8:11  Siege Tank  
  82  8:16  SCV x3  
  79  8:22  Refinery x2  
  79  8:23  Supply Depot  
  79  8:24  Supply Depot  
  79  8:27  Marine x3  
  79  8:29  Supply Depot  
  79  8:30  Supply Depot  
  79  8:34  Terran Infantry Armor Level 1  
  79  8:46  Marine x4  
  79  8:47  Barracks Tech Lab x3, Marine x2  
  85  8:49  Liberator  
  85  8:51  SCV x2, Marauder x2  
  85  8:53  SCV  
  91  9:04  Marine x2  
  91  9:07  Marine x4  
  91  9:08  Marine x2  
  91  9:09  Marauder  
  104  9:12  Marauder, Marine  
  104  9:16  Refinery  
  107  9:18  SCV, Refinery  
  106  9:27  Command Center  
  106  9:29  Marine x5  
  106  9:30  Marine  
  109  9:34  SCV x3  
  109  9:37  Marauder x3  
  118  9:47  Engineering Bay  
  118  9:50  Armory  
  118  9:52  Marauder x2  
  122  9:58  Marauder  
  124  10:03  Marine  
  125  10:30  SCV, Marine x2  
  125  10:32  SCV  
Tags
 
Add a new tag
Caveats
  • Supply blocks, unpowered buildings, or Contaminate may cause inaccurate times.
  • Supply counts are checked every 10 seconds.